AoeStats
← Erickinio

Pilgrims

508452587Analyzed
2v2 RM · 9d ago on Sep 22, 2026· 55m 49s· 4 players
Game mode
Random Map
Map size
Medium (4 player)
Population
200
Speed
Normal
Resources
Standard
Victory
Conquest
Starting age
Dark Age
Ending age
Imperial Age
RankedLock teamsTeams togetherTeam positionsShared explorationLock speedFull tech treeHidden civsTurbo modeCheats
Victory
Defeat
🇷🇺 Japanese · Russia
890
+14
🇦🇷 Celts · Argentina
797
+18
🇬🇧 Koreans · United Kingdom
852
-16
🇬🇧 Berbers · United Kingdom
834
-16
GreenShell94
6:47 Loom
9:36 Feudal Age
11:38 Wheelbarrow
10:56 Stone Mining
12:56 Fishing Lines
14:08 Double-Bit Axe
17:21 Fletching
18:51 Horse Collar
22:17 Castle Age
24:24 Heavy Plow
24:25 Bodkin Arrow
31:18 Murder Holes
31:08 Crossbowman
31:55 Thumb Ring
36:03 Elite Skirmisher
45:07 Light Cavalry
46:52 Husbandry
47:55 Bow Saw
48:15 Scale Barding Armor
48:21 Forging
54:34 Iron Casting
LoneRanger1994
4:48 Loom
13:28 Feudal Age
16:14 Scale Barding Armor
17:23 Double-Bit Axe
18:51 Wheelbarrow
24:32 Castle Age
24:55 Bloodlines
25:00 Forging
25:06 Light Cavalry
27:00 Horse Collar
28:50 Bow Saw
30:18 Heavy Plow
31:08 Fletching
32:02 Gold Mining
32:30 Bodkin Arrow
32:36 Padded Archer Armor
34:44 Thumb Ring
35:23 Hand Cart
36:18 Leather Archer Armor
39:21 Imperial Age
40:41 Conscription
40:03 Elite Genitour
42:23 Crop Rotation
42:16 Chain Barding Armor
43:18 Fishing Lines
43:08 Hussar
44:55 Iron Casting
50:06 Cavalier
53:32 Blast Furnace
53:08 Plate Barding Armor
52:36 Bracer
52:50 Husbandry
52:48 Gillnets
gitshell
9:18 Loom
12:44 Feudal Age
12:49 Man-at-Arms
15:51 Scale Mail Armor
23:45 Castle Age
24:33 Pikeman
28:39 Murder Holes
44:11 Elite Skirmisher
46:01 Stone Mining
46:08 Gold Mining
53:25 Light Cavalry
54:18 Bloodlines
54:10 Husbandry
55:12 Horse Collar
Erickinio
7:29 Loom
15:40 Feudal Age
15:52 Man-at-Arms
20:18 Forging
22:13 Double-Bit Axe
27:22 Castle Age
26:54 Wheelbarrow
26:25 Gold Mining
27:33 Stone Mining
27:25 Long Swordsman
27:51 Gambesons
29:34 Stone Shaft Mining
32:40 Iron Casting
32:06 Scale Mail Armor
33:02 Pikeman
33:29 Arson
37:07 Treadmill Crane
38:00 Horse Collar
38:36 Bow Saw
39:33 Chain Mail Armor
39:44 Ballistics
42:55 Murder Holes
43:00 Stronghold
47:51 Imperial Age
45:32 Fletching
45:42 Padded Archer Armor
46:48 Masonry
47:18 Bodkin Arrow
47:39 Leather Archer Armor
48:58 Gold Shaft Mining
49:17 Conscription
49:17 Halberdier
51:29 Plate Mail Armor
51:59 Blast Furnace
52:22 Furor Celtica
53:02 Elite Woad Raider
Connection lost

Rejoining the realm…

Still unreachable

The connection could not be restored.

Session expired

The server has moved on; the page needs a fresh start.